 Dungeon Crawl Stone Soup version 0.29-a0-1027-gcd8c55af63 (webtiles) character file.

Game seed: 8200163933089475759

67 Locuples the Chopper (level 3, -1/49 HPs)
             Began as a Minotaur Berserker on Aug 12, 2022.
             Was a Believer of Trog.
             Slain by a gnoll
             ... wielding a +0 halberd
              (4 damage)
             ... on level 2 of the Dungeon.
             The game lasted 00:01:51 (1716 turns).

Locuples the Chopper (Minotaur Berserker)           Turns: 1716, Time: 00:01:51

Health: -1/49      AC:  2    Str: 23    XL:     3   Next: 98%
Magic:  2/2        EV: 12    Int:  4    God:    Trog [**....]
Gold:   107        SH:  0    Dex:  9    Spells: 2/2 levels left

rFire   . . .      SeeInvis .   a - +0 hand axe
rCold   . . .      Faith    .   (no shield)
rNeg    . . .      Spirit   .   b - +0 animal skin
rPois   .          Reflect  .   (helmet restricted)
rElec   .          Harm     .   (no cloak)
rCorr   .          Rampage  .   (no gloves)
Will    .....                   (no boots)
Stlth   ..........              (no amulet)
HPRegen 0.16/turn               (no ring)
MPRegen 0.08/turn               (no ring)

@: berserking (expiring), lethally poisoned (-1 -> -41), very quick
A: horns 2, retaliatory headbutt
a: Renounce Religion, Berserk, Trog's Hand


You were on level 2 of the Dungeon.
You worshipped Trog.
Trog was pleased with you.
You visited 1 branch of the dungeon, and saw 2 of its levels.

You collected 107 gold pieces.

Inventory:

Hand Weapons
 a - a +0 hand axe (weapon)
Armour
 b - a +0 animal skin (worn)
Jewellery
 l - an amulet of the acrobat
Scrolls
 d - a scroll of teleportation {unknown}
 e - 4 scrolls of identify {unknown}
 g - 2 scrolls of enchant armour {unknown}
 i - a scroll of immolation {unknown}
 j - a scroll of amnesia {unknown}
Potions
 c - a potion of degeneration {unknown}
 f - a potion of attraction {unknown}
 h - a potion of flight {unknown}
 k - a potion of might {unknown}


   Skills:
 + Level 4.3 Fighting
 * Level 5.0 Axes
 + Level 2.5 Armour
 + Level 2.8 Dodging


You had 2 spell levels left.
You didn't know any spells.
Your spell library was empty.

Dungeon Overview and Level Annotations

Branches:
Dungeon (2/15)

Altars:


Innate Abilities, Weirdness & Mutations

You have a pair of horns on your head.
You reflexively headbutt those who attack you in melee.


Message History

The adder attacks as you move away! The adder bites you.
A red film seems to cover your vision as you go berserk!
You feel yourself moving faster!
You feel mighty! The adder bites you.
The gnoll hits you from afar with a +0 spear.
You miss the adder.
The adder is heavily wounded.
The adder bites you.
You slash the adder!
You kill the adder!
Trog accepts your kill. The gnoll barely misses you.
The gnoll closely misses you. You furiously retaliate!
You headbutt the gnoll!
You kill the gnoll!
Trog accepts your kill. The gnoll barely misses you.
The gnoll hits you from afar with a +2 spear of venom!
You are poisoned.
Your Axes skill increases to level 5!
You feel a strong urge to attack something.
You feel very sick.
Things that are here:
a +0 spear; a gnoll corpse You hit the gnoll.
The gnoll is lightly wounded.
You hit the gnoll.
You feel very sick.
The gnoll hits you with a +2 spear of venom.
* * * LOW HITPOINT WARNING * * *
You are lethally poisoned!
The gnoll barely misses you.
You hit the gnoll.
The gnoll is almost dead.
You barely miss the gnoll.
* * * LOW HITPOINT WARNING * * *
You feel very sick.
The gnoll hits you with a +2 spear of venom!
* * * LOW HITPOINT WARNING * * *
You are more poisoned.
The gnoll hits you with a +0 halberd.
You die...

#. #...... #. #..... #.
#.... ####### ##. #...
....... .. ...
##########. #g# .
...[..>....######g###....
####### #.#.....@g.......
#.######.......? ####.#
####..... #######...>##
#.## #...........# #
#.#####.###.# ...####.#
#.# .#......###.##
...###...<...###.#


You could see 3 gnolls.

Vanquished Creatures
  An adder (D:2)
  A gnoll (D:2)
  3 dart slugs (D:1)
  3 ball pythons (D:1)
  4 endoplasms
  8 hobgoblins
  4 jackals (D:2)
  A quokka (D:2)
  5 bats
  A goblin (D:1)
  A kobold (D:1)
  7 rats
39 creatures vanquished.

Notes
Turn   | Place    | Note
-------+----------+-------------------------------------------
     0 | D:1      | Locuples the Minotaur Berserker began the quest for the
                  | Orb.
     0 | D:1      | Reached XP level 1. HP: 19/19 MP: 0/0
   315 | D:1      | Reached skill level 4 in Axes
   388 | D:1      | Reached XP level 2. HP: 19/27 MP: 1/1
   838 | D:1      | Reached XP level 3. HP: 33/33 MP: 2/2
  1187 | D:2      | Reached ** piety under Trog
  1574 | D:2      | Found a faded altar of an unknown god.
  1714 | D:2      | Reached skill level 5 in Axes
  1716 | D:2      | Slain by a gnoll

Illustrated notes

Levels and vault maps discovered:
D:1:      lemuel_arrival_behind_the_door_large, layout_loops_corners
D:2:      layout_loops_ring, ebering_ecumenical_altar_sacrificial,
          nrook_mini_backslash

Skill      XL: |  1  2  3 |
---------------+----------+-----
Axes           | 4 5 |  5.0
Fighting       | 4 |  4.3
Armour         | |  2.5
Dodging        | |  2.8

Action                   || total
-------------------------++-------
Melee: Hand axe          ||    85
       Headbutt          ||    16
       Punch             ||     1
Invok: Berserk           ||     1
Armor: Animal skin       ||    16
Dodge: Dodged            ||    59

Table legend: (Time is in decaauts)
 A = Elapsed time spent in this place.
 B = Non-inter-level travel time spent in this place.
 C = Inter-level travel time spent in this place.
 D = Time resting spent in this place.
 E = Time spent auto-exploring this place.
 F = Levels seen in this place.
 G = Mean time per level.
                   A        B        C        D        E       F      G
               +--------+--------+--------+--------+--------+-----+--------+
         Total |   1721 |   1679 |     42 |      0 |   1408 |   2 |  860.5 |
       Dungeon |   1721 |   1679 |     42 |      0 |   1408 |   2 |  860.5 |
               +--------+--------+--------+--------+--------+-----+--------+

Top non-repeatable levels by time:
     D:1: 1163 daAuts
     D:2: 557 daAuts
